 Dungeon Crawl Stone Soup version 0.29-a0-234-g0dae59b3db (webtiles) character file.

Game seed: 2085778093514006973

46 spaghetti the Skirmisher (level 3, 0/27 HPs)
             Began as an Octopode Chaos Knight on Mar 4, 2022.
             Was a Plaything of Xom.
             Slain by Natasha (7 damage)
             ... on level 2 of the Dungeon.
             The game lasted 00:03:04 (1646 turns).

spaghetti the Skirmisher (Octopode Chaos Knight)    Turns: 1646, Time: 00:03:05

Health: 0/27       AC:  1    Str: 13    XL:     3   Next: 66%
Magic:  3/3        EV: 13    Int: 14    God:    Xom [.*....]
Gold:   93         SH:  0    Dex: 13    Spells: 2/2 levels left

rFire   + . .      SeeInvis .   c - staff of fire {!astaff}
rCold   . . .      Faith    .   (no shield)
rNeg    . . .      Spirit   .   (helmet restricted)
rPois   .          Reflect  .   h - amulet of the acrobat
rElec   .          Harm     .   (no ring)
rCorr   .          Rampage  .   (no ring)
Will    .....                   (no ring)
Stlth   ++........              (no ring)
HPRegen 0.09/turn               (no ring)
MPRegen 0.08/turn               (no ring)
                                (no ring)
                                (no ring)

@: slowed, unable to read, very slow
A: almost no armour, amphibious, 8 rings, camouflage 1, gelatinous body 1,
(nimble swimmer 1), tentacles, tentacle spike 1, strong 1, inability to read
while threatened
a: Renounce Religion


You were on level 2 of the Dungeon.
You worshipped Xom.
You were a plaything of Xom.
You visited 1 branch of the dungeon, and saw 2 of its levels.

You collected 93 gold pieces.


Innate Abilities, Weirdness & Mutations

You cannot wear most types of armour.
You are amphibious.
You can wear up to eight rings at the same time.
Your skin changes colour to match your surroundings (Stealth+).
Your rubbery body absorbs attacks. (AC +1, EV +1)
((You are camouflaged when in or above water. (Stealth+)))
You have tentacles for arms and can constrict up to eight enemies at once.
One of your tentacles bears a spike.
Your muscles are strong. (Str +2)
You sometimes lose the ability to read scrolls when taking damage.


   Skills:
 + Level 4.3 Fighting
 - Level 3.0 Long Blades
 - Level 2.3 Dodging
 - Level 1.0 Evocations


You had 2 spell levels left.
You didn't know any spells.
Your spell library contained the following spells:

 Spells                   Type           Power      Damage    Failure   Level
 Animate Skeleton         Necr           0%         N/A       28%         1
 Apportation              Tloc           0%         N/A       28%         1
 Pain                     Necr           0%         1d4       28%         1
 Slow                     Hex            0%         N/A       28%         1
 Summon Small Mammal      Summ           0%         N/A       28%         1
 Confusing Touch          Hex            0%         N/A       65%         3
 Vampiric Draining        Necr           0%         2d6       65%         3

Inventory:

Hand Weapons
 a - a +0 falchion of chaos {long}
 f - a +0 glaive {polearm}
   (You found it on level 1 of the Dungeon)
Missiles
 d - 44 stones (quivered) {throwing}
Magical Staves
 c - a staff of fire (weapon) {!astaff}
   (You found it on level 1 of the Dungeon)
Jewellery
 h - an amulet of the acrobat (around mantle)
   (You found it on level 1 of the Dungeon)
Scrolls
 g - 2 scrolls of teleportation {@r4}
Potions
 e - a potion of degeneration {unknown}

Dungeon Overview and Level Annotations

Branches:
Dungeon (2/15)

Altars:
Sif Muna

Shops:
D:1 ?!:?

Annotations:
D:2 Natasha, Robin

*,*,******####,,,,,,,,,,,,,,,
*,,,,,,,,,...,,*,,,,,,,*,,,,,
*,*,******#.#**,,,,,*,,,,,,*,
*,#.# *#.##*,,,*.,,,,*,,,,
##.#.# ##...##,,#..,,*,,,,*,
#..#.# ###.#.#.##...*,,,*,,,*,
#..#.# #......gr...#,,*,,*,,*,
#..#.###.#.#ยง#h##.#,*,*,*,*,*,
#.....##.##.ยง@#**,**,**,**,***
*#....##.###ยง## **,***,***,* *
#.#.....###.# *,****,**** *
#...........# **,* ***
###..######## ###############
##.# #.##..........# #.#
#.###.####.#### #.# #.# #.#
#.#### #.# #.###.####.....


You could see Natasha, a hobgoblin and a rat.


Message History

A hobgoblin comes into view.
A goblin comes into view. It is wielding a +0 dagger.
The rat closely misses you.
The hobgoblin moves out of view.
You see here a scroll labelled CEF ROPNOPLUS.
You hit the rat. You grab the rat.
You pierce the rat.
You tentacle-slap the rat.
You kill the rat!
A hobgoblin comes into view.
The hobgoblin shouts!
You hit the hobgoblin.
You kill the hobgoblin!
A goblin comes into view. It is wielding a +0 dagger.
A goblin comes into view. It is wielding a +0 club.
Robin of the Strong Arm comes into view.
They are wielding a +0 trident.
The goblin shouts!
The goblin misses you.
A goblin comes into view. It is wielding a +0 club.
The hobgoblin completely misses you.
Robin moves out of view.
You see here a rat corpse.
A worm comes into view.
Things that are here:
a +0 short sword {short}; a kobold corpse Robin roars a battlecry!
The goblins go into a battle-frenzy!
There is a stone staircase leading up here.
The goblin hits you with a +0 dagger.
You climb upwards.
There is a stone staircase leading down here. ๐Ÿ˜• HP[-5]
You take 5 damage, and now have 22/27 hp.
Unknown command.
Unknown command.
You barely miss the goblin. You grab the goblin.
You pierce the goblin.
You kill the goblin!
The hobgoblin misses you. The hobgoblin barely misses you.
You closely miss the hobgoblin. Your grab misses the hobgoblin.
You pierce the hobgoblin.
You kill the hobgoblin!
You start resting.
You are now a plaything of Xom. ๐Ÿ˜• HP[+2]
You regained 2 hp, and now have 24/27 hp.
There is a stone staircase leading down here.
Things that are here:
a +0 dagger {short}; a goblin corpse; ๐Ÿ˜Ž HP[+3]
Your hp is fully restored (27).
Done exploring.
Done exploring.
There is a stone staircase leading down here.
There is a stone staircase leading down here.
You climb downwards.
Level annotation: Robin
There is a stone staircase leading up here.
There is a stone staircase leading down here.
You now have 93 gold pieces (gained 18).
You pick up a book of Necromancy and begin reading...
You add the spell Pain to your library.
Natasha and a rat come into view.
Natasha hisses angrily.
Natasha moves out of view.
You see here a scroll labelled NOX PYAJAYDYWU.
b - a scroll labelled NOX PYAJAYDYWU An adder comes into view.
Natasha casts a spell at you.
You feel yourself slow down.
Unknown command.
As you read the scroll labelled NOX PYAJAYDYWU, it crumbles to dust.
You feel aware of your surroundings.
It was a scroll of magic mapping.
The adder hisses angrily.
You hear a shout!
A hobgoblin comes into view.
Unknown command.
Natasha closely misses you.
You hit Natasha. Your grab misses Natasha.
You pierce Natasha, but do no damage.
Natasha claws you!
You emit a cloud of colourful smoke!
Natasha claws you. ๐Ÿ˜ฎ HP[-9]
You take 9 damage, and now have 18/27 hp.
MASSIVE DAMAGE!! (PAUSE)
You completely miss Natasha. Your grab misses Natasha.
Your tentacle spike misses Natasha.
Natasha stares at you and mumbles some strange words.
The magic dart hits you!
You feel threatened and lose the ability to read scrolls!
* * * LOW HITPOINT WARNING * * *
Natasha misses you. ๐Ÿ˜จ HP[-9]
You take 9 damage, and now have 9/27 hp.
MASSIVE DAMAGE!! (PAUSE)
You miss Natasha. Your grab misses Natasha.
Your tentacle spike misses Natasha.
Your squeeze misses Natasha.
You can read scrolls again.
An adder comes into view.
Natasha claws you.
You feel threatened and lose the ability to read scrolls!
* * * LOW HITPOINT WARNING * * *
The rat twitches its whiskers.
Natasha claws you!
You die...
Xom chortles!

Skill      XL: |  1  2  3 |
---------------+----------+-----
Evocations     | 1 |  1.0
Fighting       | 4 |  4.3
Long Blades    | |  3.0
Dodging        | |  2.3

Action                   || total
-------------------------++-------
Melee: Staff             ||    89
       Constrict         ||    21
       Tentacles         ||     8
       Kick              ||     8
       Punch             ||     1
  Use: Scroll            ||     5
       Potion            ||     4
 Stab: Sleeping          ||     5
Armor: Skin              ||    14
Dodge: Dodged            ||    69

Levels and vault maps discovered:
D:1:      nzn_arrival_settlement, layout_loops_ring,
          dreamdust_ecumenical_altar_hidden_monk_grotto, serial_shops, shop,
          shop, shop, nicolae_shop_crystal, serial_bayou_crossing
D:2:      layout_loops_ring, basic_altar, minmay_increasing_density,
          uniq_natasha, uniq_robin

Notes
Turn   | Place    | Note
-------+----------+-------------------------------------------
     0 | D:1      | spaghetti the Octopode Chaos Knight began the quest for the
                  | Orb.
     0 | D:1      | Reached XP level 1. HP: 16/16 MP: 1/1
     0 | D:1      | magus.rc [v1.9.6]
    15 | D:1      | Found Uliuqoasm's Distillery.
    70 | D:1      | You pick up a book of Debilitation and begin reading...
    70 | D:1      | You add the spells Slow, Vampiric Draining and Confusing
                  | Touch to your library.
    79 | D:1      | Found Efreruum's Magic Scroll Emporium.
    87 | D:1      | Reached skill level 1 in Evocations
   136 | D:1      | XOM: silly message
   144 | D:1      | Reached XP level 2. HP: 13/21 MP: 2/2
   197 | D:1      | Found Dieguinah's Book Emporium.
   387 | D:1      | XOM: give mutations
   387 | D:1      | Gained mutation: Your body sometimes deteriorates upon
                  | taking damage. [Xom's mischief]
   387 | D:1      | Gained mutation: Your body often deteriorates upon taking
                  | damage. [Xom's mischief]
   387 | D:1      | Lost mutation: Your body often deteriorates upon taking
                  | damage. [Xom's mischief]
   537 | D:1      | XOM: summons 1 hostile shadow creature
   663 | D:1      | Found Agyfiew's Magic Scroll Boutique.
   735 | D:1      | XOM: swap monsters
   743 | D:1      | XOM: summons 2 hostile shadow creatures
   909 | D:1      | Reached XP level 3. HP: 26/27 MP: 3/3
   984 | D:1      | XOM: god gift: silvery potion {god gift}
  1082 | D:1      | Found a faded altar of an unknown god.
  1084 | D:1      | Lost mutation: Your body sometimes deteriorates upon taking
                  | damage. [potion of mutation]
  1084 | D:1      | Gained mutation: Your mind is acute. (Int +2) [potion of
                  | mutation]
  1084 | D:1      | Gained mutation: Your body sometimes deteriorates upon
                  | taking damage. [potion of mutation]
  1084 | D:1      | Gained mutation: One of your tentacles bears a spike.
                  | [potion of mutation]
  1087 | D:1      | Lost mutation: One of your tentacles bears a spike. [potion
                  | of mutation]
  1087 | D:1      | Lost mutation: Your body sometimes deteriorates upon taking
                  | damage. [potion of mutation]
  1087 | D:1      | Gained mutation: You are partially covered in iridescent
                  | scales. (AC +2) [potion of mutation]
  1087 | D:1      | Gained mutation: You are occasionally teleported next to
                  | monsters. [potion of mutation]
  1088 | D:1      | Lost mutation: Your mind is acute. (Int +2) [potion of
                  | mutation]
  1088 | D:1      | Lost mutation: You are partially covered in iridescent
                  | scales. (AC +2) [potion of mutation]
  1088 | D:1      | Lost mutation: You are occasionally teleported next to
                  | monsters. [potion of mutation]
  1088 | D:1      | Gained mutation: Your muscles are strong. (Str +2) [potion
                  | of mutation]
  1088 | D:1      | Gained mutation: You sometimes lose the ability to read
                  | scrolls when taking damage. [potion of mutation]
  1088 | D:1      | Gained mutation: One of your tentacles bears a spike.
                  | [potion of mutation]
  1133 | D:1      | Reached skill level 4 in Fighting
  1337 | D:2      | You pick up a book of Cantrips and begin reading...
  1337 | D:2      | You add the spells Animate Skeleton, Summon Small Mammal
                  | and Apportation to your library.
  1473 | D:2      | Found a shimmering blue altar of Sif Muna.
  1484 | D:2      | Noticed Robin
  1636 | D:2      | You pick up a book of Necromancy and begin reading...
  1639 | D:2      | Noticed Natasha
  1644 | D:2      | XOM: smoke on damage
  1646 | D:2      | Slain by Natasha

Vanquished Creatures
  An adder (D:2)
  3 ball pythons (D:1)
  2 endoplasms (D:1)
  6 goblins (D:1)
  5 hobgoblins
  3 jackals (D:1)
  2 quokkas (D:1)
  3 bats (D:1)
  2 frilled lizards (D:1)
  3 kobolds
  6 rats
36 creatures vanquished.

Table legend:
 A = Non-vault XP
 B = Vault XP
 C = Vault XP percentage of total XP
 D = Non-vault monster count
 E = Vault monster count
 F = Vault count percentage of total count
                 A         B        C        D         E       F
            +---------+---------+-------+---------+---------+-------
      Total |      61 |       5 |   7.6 |      33 |       3 |   8.3
            +---------+---------+-------+---------+---------+-------
        D:1 |      45 |       3 |   6.2 |      30 |       2 |   6.2
        D:2 |      16 |       2 |  11.1 |       3 |       1 |  25.0
            +---------+---------+-------+---------+---------+-------

Illustrated notes

Table legend:
 A = Kills in this place as a percentage of kills in entire the game.
 B = Kills by you in this place as a percentage of kills by you in the entire game.
 C = Kills by friends in this place as a percentage of kills by friends in the entire game.
 D = Other kills in this place as a percentage of other kills in the entire game.
 E = Experience gained in this place as a percentage of experience gained in the entire game.
 F = Experience gained in this place divided by the number of levels of this place that you have seen.
                   A       B       C       D       E      F
               +-------+-------+-------+-------+-------+----------------------
         Total | 100.0 | 100.0 |   N/A |   N/A | 100.0 |  33.0
       Dungeon | 100.0 | 100.0 |   N/A |   N/A | 100.0 |  33.0
               +-------+-------+-------+-------+-------+----------------------

Table legend: (Time is in decaauts)
 A = Elapsed time spent in this place.
 B = Non-inter-level travel time spent in this place.
 C = Inter-level travel time spent in this place.
 D = Time resting spent in this place.
 E = Time spent auto-exploring this place.
 F = Levels seen in this place.
 G = Mean time per level.
                   A        B        C        D        E       F      G
               +--------+--------+--------+--------+--------+-----+--------+
         Total |   1666 |   1619 |     47 |    181 |   1161 |   2 |  833.0 |
       Dungeon |   1666 |   1619 |     47 |    181 |   1161 |   2 |  833.0 |
               +--------+--------+--------+--------+--------+-----+--------+

Top non-repeatable levels by time:
     D:1: 1410 daAuts
     D:2: 256 daAuts
